[ AOE2 MATCH · #479475342 ]
UnrankedItalians vs Tatars
[ REPLAY ANALYSIS · EXTRACTED FROM THE RECORDED GAME ]
Feudal
10:09
Castle
—
Imperial
—
| APM avg | 26.5 |
| APM peak | 68 |
| eAPM avg | 14.1 |
| Villagers / military | 52 / 0 |
Focus
⚔️ 12.5% · 🌾 87.5%
Feudal
11:04
Castle
15:31
Imperial
—
| APM avg | 38.1 |
| APM peak | 116 |
| eAPM avg | 17.8 |
| Villagers / military | 38 / 3 |
Focus
⚔️ 3.3% · 🌾 96.7%
Scout Cavalry ×3
Feudal
11:07
Castle
15:01
Imperial
—
| APM avg | 23.8 |
| APM peak | 53 |
| eAPM avg | 14.8 |
| Villagers / military | 77 / 17 |
Focus
⚔️ 14.8% · 🌾 85.2%
Knight ×17
Feudal
10:31
Castle
14:04
Imperial
—
| APM avg | 13.0 |
| APM peak | 45 |
| eAPM avg | 7.5 |
| Villagers / military | 35 / 0 |
Focus
⚔️ 3.9% · 🌾 96.1%
Feudal
10:44
Castle
15:56
Imperial
—
| APM avg | 20.1 |
| APM peak | 37 |
| eAPM avg | 12.1 |
| Villagers / military | 52 / 9 |
Focus
⚔️ 20.4% · 🌾 79.6%
Scorpion ×6 · Monk ×3
Feudal
10:56
Castle
15:16
Imperial
—
| APM avg | 24.9 |
| APM peak | 48 |
| eAPM avg | 14.1 |
| Villagers / military | 41 / 16 |
Focus
⚔️ 18.3% · 🌾 81.7%
Conquistador ×12 · Petard ×3 · Spearman ×1
Feudal
10:56
Castle
14:57
Imperial
—
| APM avg | 14.6 |
| APM peak | 37 |
| eAPM avg | 11.5 |
| Villagers / military | 67 / 0 |
Focus
⚔️ 8.5% · 🌾 91.5%
Feudal
10:34
Castle
14:13
Imperial
18:51
| APM avg | 26.4 |
| APM peak | 99 |
| eAPM avg | 10.7 |
| Villagers / military | 26 / 1 |
Focus
⚔️ 21.5% · 🌾 78.5%
Unknown (882) ×48 · Battering Ram ×1 · Unknown (1105) ×1
Match map
Initial resources + every placement click. Lines = walls · curves = elevation contours. ◆ gold · ⬟ stone · ● berries · ✦ relic · ◌ wall gap
Your base· ✓ Closed at 24:42 · 14t walls · 3 gate(s)
タタールが村に入った5番's base· ✓ Closed at 15:31 · 0t walls · 3 gate(s)
Chompitter Jones's base· ✓ Closed at 15:01 · 0t walls · 2 gate(s)
maniak's base· ✓ Closed at 14:04 · 0t walls · 3 gate(s)
Arjack's base· ✓ Closed at 15:56 · 0t walls · 2 gate(s)
BuLuTBeY's base· ✓ Closed at 15:16 · 0t walls · 3 gate(s)
hakanakyel1734's base· ✓ Closed at 14:57 · 0t walls · 2 gate(s)
istimnator's base· ✓ Closed at 14:13 · 0t walls · 2 gate(s) · fragile
Smoothed initial terrain · ◌ = detected wall gap · hover for details
Inputs per minute
— neverlandedonthemoon - - タタールが村に入った5番
Build order — neverlandedonthemoon
134 actions detected in the replay
| 0:00 | Create | Villager (Male) |
| 0:02 | Build | House |
| 0:04 | Build | House |
| 0:14 | Create | Villager (Male) |
| 0:14 | Create | Villager (Male) |
| 0:31 | Create | Villager (Male) |
| 1:40 | Create | Villager (Male) |
| 2:08 | Create | Villager (Male) |
| 2:16 | Create | Villager (Male) |
| 2:50 | Create | Villager (Male) |
| 2:53 | Create | Villager (Male) |
| 3:04 | Build | Lumber Camp |
| 3:35 | Build | House |
| 3:37 | Build | House |
| 3:40 | Create | Villager (Male) |
| 4:12 | Create | Villager (Male) |
| 4:36 | Create | Villager (Male) |
| 4:44 | Create | Villager (Male) |
| 5:06 | Create | Villager (Male) |
| 5:21 | Create | Villager (Male) |
| 6:18 | Create | Villager (Male) |
| 6:27 | Build | Mill |
| 6:36 | Build | Mill |
| 6:40 | Create | Villager (Male) |
| 7:08 | Create | Villager (Male) |
| 7:17 | Build | Mill |
| 7:34 | Create | Villager (Male) |
| 7:49 | Research | Feudal Age |
| 8:58 | Create | Villager (Male) |
| 9:27 | Build | House |
| 9:29 | Build | House |
| 10:09 | Age | Feudal Age |
| 10:09 | Research | Double-Bit Axe |
| 10:10 | Research | Horse Collar |
| 10:23 | Build | Market |
| 10:27 | Create | Villager (Male) |
| 10:34 | Create | Villager (Male) |
| 10:39 | Build | Farm |
| 10:42 | Build | Farm |
| 10:45 | Build | Farm |
| 10:48 | Build | Farm |
| 10:59 | Create | Villager (Male) |
| 11:04 | Build | Farm |
| 11:16 | Build | House |
| 11:25 | Research | Wheelbarrow |
| 11:28 | Build | Farm |
| 12:11 | Create | Villager (Male) |
| 12:14 | Build | Farm |
| 12:24 | Build | Blacksmith |
| 12:25 | Create | Villager (Male) |
| 12:32 | Build | Farm |
| 12:39 | Create | Villager (Male) |
| 12:42 | Build | Farm |
| 12:55 | Create | Villager (Male) |
| 12:59 | Build | Farm |
| 13:07 | Build | Farm |
| 13:22 | Build | Farm |
| 13:58 | Create | Villager (Male) |
| 14:19 | Create | Villager (Male) |
| 14:25 | Build | Farm |
| 14:29 | Build | Farm |
| 14:37 | Build | Farm |
| 15:00 | Create | Villager (Male) |
| 15:16 | Create | Villager (Male) |
| 15:53 | Create | Villager (Male) |
| 16:06 | Build | Farm |
| 16:08 | Build | Farm |
| 16:17 | Create | Villager (Male) |
| 16:32 | Create | Villager (Male) |
| 16:37 | Build | Farm |
| 16:39 | Create | Villager (Male) |
| 16:43 | Build | Farm |
| 16:50 | Build | Farm |
| 17:00 | Build | House |
| 17:11 | Build | House |
| 17:50 | Build | Stone Wall |
| 17:52 | Build | Stone Wall |
| 18:02 | Build | Stone Wall |
| 18:03 | Build | Stone Wall |
| 18:05 | Build | Stone Wall |
| 18:09 | Create | Villager (Male) |
| 18:29 | Create | Villager (Male) |
| 18:33 | Build | Farm |
| 18:38 | Build | Farm |
| 18:42 | Build | Farm |
| 18:43 | Build | Farm |
| 18:44 | Build | Farm |
| 18:45 | Create | Villager (Male) |
| 18:54 | Build | House |
| 19:07 | Build | Stone Wall |
| 19:27 | Build | Stone Wall |
| 19:35 | Build | Stone Wall |
| 19:36 | Build | Stone Wall |
| 19:38 | Create | Villager (Male) |
| 19:43 | Build | Farm |
| 19:51 | Build | Farm |
| 19:53 | Build | Farm |
| 19:54 | Create | Villager (Male) |
| 20:11 | Build | Farm |
| 20:12 | Build | Farm |
| 20:14 | Create | Villager (Male) |
| 20:29 | Build | Stone Wall |
| 20:31 | Build | Stone Wall |
| 20:32 | Build | Stone Wall |
| 20:35 | Build | Stone Wall |
| 20:36 | Build | Stone Wall |
| 20:43 | Create | Villager (Male) |
| 20:47 | Build | Farm |
| 20:50 | Build | Farm |
| 20:51 | Create | Villager (Male) |
| 21:16 | Create | Villager (Male) |
| 21:20 | Build | Farm |
| 21:41 | Build | House |
| 21:42 | Build | House |
| 21:44 | Build | House |
| 21:44 | Create | Villager (Male) |
| 21:48 | Build | Farm |
| 21:52 | Build | Farm |
| 21:52 | Create | Villager (Male) |
| 21:58 | Create | Villager (Male) |
| 22:08 | Build | Lumber Camp |
| 22:17 | Create | Villager (Male) |
| 22:32 | Build | House |
| 22:40 | Create | Villager (Male) |
| 22:42 | Build | Farm |
| 23:05 | Create | Villager (Male) |
| 23:16 | Create | Villager (Male) |
| 23:19 | Build | Farm |
| 23:31 | Create | Villager (Male) |
| 23:36 | Build | House |
| 23:40 | Build | House |
| 23:41 | Build | House |
| 24:24 | Build | Mining Camp |
| 24:42 | Research | Castle Age |
Build order — タタールが村に入った5番
78 actions detected in the replay
| 0:09 | Create | Villager (Male) |
| 0:09 | Create | Villager (Male) |
| 0:10 | Create | Villager (Male) |
| 0:10 | Create | Villager (Male) |
| 0:10 | Create | Villager (Male) |
| 0:12 | Build | House |
| 0:15 | Build | House |
| 1:36 | Create | Villager (Male) |
| 1:36 | Create | Villager (Male) |
| 1:59 | Build | Lumber Camp |
| 2:00 | Create | Villager (Male) |
| 2:01 | Create | Villager (Male) |
| 2:27 | Create | Villager (Male) |
| 2:27 | Create | Villager (Male) |
| 2:28 | Create | Villager (Male) |
| 2:52 | Create | Villager (Male) |
| 2:52 | Create | Villager (Male) |
| 3:20 | Create | Villager (Male) |
| 3:20 | Create | Villager (Male) |
| 3:44 | Build | House |
| 3:45 | Build | House |
| 3:53 | Create | Villager (Male) |
| 3:53 | Create | Villager (Male) |
| 4:08 | Create | Villager (Male) |
| 4:08 | Create | Villager (Male) |
| 4:42 | Create | Villager (Male) |
| 4:42 | Create | Villager (Male) |
| 4:54 | Build | Mill |
| 5:03 | Create | Villager (Male) |
| 5:03 | Create | Villager (Male) |
| 5:55 | Build | Mill |
| 5:56 | Create | Villager (Male) |
| 5:56 | Create | Villager (Male) |
| 5:56 | Create | Villager (Male) |
| 6:20 | Create | Villager (Male) |
| 6:20 | Create | Villager (Male) |
| 6:56 | Build | Lumber Camp |
| 6:58 | Create | Villager (Male) |
| 6:58 | Create | Villager (Male) |
| 6:58 | Create | Villager (Male) |
| 6:59 | Create | Villager (Male) |
| 7:04 | Build | House |
| 8:34 | Build | Mining Camp |
| 8:53 | Research | Feudal Age |
| 8:53 | Research | Feudal Age |
| 9:04 | Build | Barracks |
| 10:19 | Create | Villager (Male) |
| 10:20 | Create | Villager (Male) |
| 11:04 | Age | Feudal Age |
| 11:07 | Build | Stable |
| 11:12 | Build | Blacksmith |
| 11:43 | Build | Farm |
| 11:44 | Build | Farm |
| 12:21 | Build | Farm |
| 12:25 | Build | Farm |
| 12:48 | Build | Farm |
| 12:51 | Research | Castle Age |
| 12:51 | Research | Castle Age |
| 13:01 | Build | House |
| 13:03 | Build | House |
| 13:03 | Build | House |
| 13:11 | Create | Scout Cavalry |
| 13:12 | Create | Scout Cavalry |
| 13:27 | Build | Farm |
| 13:28 | Build | Farm |
| 13:34 | Research | Loom |
| 13:42 | Create | Scout Cavalry |
| 15:31 | Age | Castle Age |
| 15:33 | Research | Light Cavalry (upgrade) |
| 16:43 | Create | Villager (Male) |
| 17:26 | Create | Villager (Male) |
| 17:30 | Build | Town Center |
| 17:38 | Build | Town Center |
| 17:42 | Research | Double-Bit Axe |
| 17:42 | Research | Double-Bit Axe |
| 17:43 | Create | Villager (Male) |
| 17:44 | Build | Farm |
| 17:45 | Build | Farm |
Build order — Chompitter Jones
First 150 of 181 actions detected
| 0:00 | Create | Villager (Male) |
| 0:00 | Create | Villager (Male) |
| 0:02 | Build | House |
| 0:05 | Build | House |
| 0:19 | Create | Villager (Male) |
| 0:32 | Create | Villager (Male) |
| 1:36 | Create | Villager (Male) |
| 2:02 | Create | Villager (Male) |
| 2:42 | Create | Villager (Male) |
| 2:42 | Create | Villager (Male) |
| 2:42 | Create | Villager (Male) |
| 2:47 | Build | Lumber Camp |
| 3:24 | Create | Villager (Male) |
| 3:30 | Build | House |
| 3:53 | Create | Villager (Male) |
| 3:54 | Create | Villager (Male) |
| 4:20 | Create | Villager (Male) |
| 5:02 | Build | House |
| 5:05 | Create | Villager (Male) |
| 5:27 | Create | Villager (Male) |
| 5:28 | Create | Villager (Male) |
| 5:58 | Build | Mill |
| 6:08 | Create | Villager (Male) |
| 6:23 | Build | Mill |
| 6:38 | Create | Villager (Male) |
| 6:53 | Create | Villager (Male) |
| 7:27 | Build | House |
| 7:33 | Create | Villager (Male) |
| 7:34 | Create | Villager (Male) |
| 7:39 | Create | Villager (Male) |
| 8:37 | Create | Villager (Male) |
| 8:40 | Research | Feudal Age |
| 9:45 | Create | Villager (Male) |
| 9:45 | Create | Villager (Male) |
| 10:55 | Build | Farm |
| 11:07 | Age | Feudal Age |
| 11:16 | Build | Market |
| 11:18 | Build | Blacksmith |
| 11:41 | Build | Farm |
| 11:44 | Build | Farm |
| 11:49 | Build | House |
| 12:21 | Research | Castle Age |
| 13:11 | Research | Double-Bit Axe |
| 13:37 | Research | Horse Collar |
| 13:46 | Build | Farm |
| 13:48 | Build | Farm |
| 13:58 | Build | Farm |
| 14:15 | Create | Villager (Male) |
| 14:28 | Build | Farm |
| 14:29 | Build | Farm |
| 14:37 | Create | Villager (Male) |
| 15:01 | Age | Castle Age |
| 15:04 | Build | Town Center |
| 15:13 | Build | Town Center |
| 15:30 | Create | Villager (Male) |
| 15:37 | Research | Bow Saw |
| 15:49 | Build | House |
| 15:50 | Build | House |
| 16:03 | Build | Farm |
| 16:04 | Build | Farm |
| 16:08 | Create | Villager (Male) |
| 16:13 | Build | Farm |
| 16:32 | Create | Villager (Male) |
| 16:38 | Build | Mining Camp |
| 16:52 | Create | Villager (Male) |
| 16:59 | Build | Farm |
| 17:05 | Create | Villager (Male) |
| 17:07 | Build | Farm |
| 17:10 | Build | Farm |
| 17:13 | Build | Farm |
| 17:22 | Build | Farm |
| 17:29 | Create | Villager (Male) |
| 17:34 | Build | Farm |
| 17:37 | Create | Villager (Male) |
| 17:43 | Build | Farm |
| 17:46 | Build | Farm |
| 17:49 | Build | Farm |
| 17:49 | Create | Villager (Male) |
| 18:01 | Create | Villager (Male) |
| 18:09 | Create | Villager (Male) |
| 18:11 | Build | Farm |
| 18:20 | Create | Villager (Male) |
| 18:24 | Build | Farm |
| 18:27 | Research | Loom |
| 18:28 | Create | Villager (Male) |
| 18:31 | Build | Farm |
| 18:34 | Build | Farm |
| 18:35 | Create | Villager (Male) |
| 18:43 | Create | Villager (Male) |
| 18:48 | Create | Villager (Male) |
| 19:01 | Create | Villager (Male) |
| 19:01 | Create | Villager (Male) |
| 19:14 | Create | Villager (Male) |
| 19:44 | Build | Town Center |
| 19:51 | Build | Town Center |
| 19:53 | Create | Villager (Male) |
| 19:54 | Create | Villager (Male) |
| 19:54 | Create | Villager (Male) |
| 19:56 | Create | Villager (Male) |
| 19:57 | Create | Villager (Male) |
| 20:04 | Create | Villager (Male) |
| 20:05 | Create | Villager (Male) |
| 20:15 | Build | Barracks |
| 20:24 | Create | Villager (Male) |
| 20:24 | Create | Villager (Male) |
| 20:31 | Build | House |
| 20:32 | Build | House |
| 20:33 | Build | House |
| 20:33 | Build | House |
| 20:34 | Build | House |
| 20:49 | Create | Villager (Male) |
| 20:49 | Create | Villager (Male) |
| 21:08 | Research | Wheelbarrow |
| 21:16 | Build | Stable |
| 21:17 | Build | Stable |
| 21:18 | Build | Stable |
| 21:20 | Create | Villager (Male) |
| 21:20 | Create | Villager (Male) |
| 21:20 | Create | Villager (Male) |
| 21:21 | Create | Villager (Male) |
| 21:25 | Create | Villager (Male) |
| 21:25 | Create | Villager (Male) |
| 21:29 | Build | Farm |
| 21:29 | Build | Farm |
| 21:30 | Build | Farm |
| 21:30 | Build | Farm |
| 21:42 | Create | Villager (Male) |
| 21:42 | Create | Villager (Male) |
| 21:46 | Research | Gold Mining |
| 21:52 | Research | Heavy Plow |
| 21:55 | Build | Farm |
| 21:57 | Create | Villager (Male) |
| 22:14 | Create | Villager (Male) |
| 22:15 | Create | Villager (Male) |
| 22:15 | Create | Villager (Male) |
| 22:28 | Build | Farm |
| 22:29 | Build | Farm |
| 22:32 | Build | Farm |
| 22:34 | Build | Farm |
| 22:38 | Build | Farm |
| 22:39 | Build | Farm |
| 22:42 | Build | Farm |
| 22:43 | Build | Farm |
| 22:43 | Build | Farm |
| 22:44 | Build | Farm |
| 22:44 | Build | Farm |
| 22:48 | Build | Farm |
| 22:51 | Create | Knight ×2 |
| 22:54 | Create | Villager (Male) |
| 23:01 | Build | Mining Camp |
Build order — maniak
80 actions detected in the replay
| 0:01 | Create | Villager (Male) |
| 0:01 | Create | Villager (Male) |
| 0:02 | Create | Villager (Male) |
| 0:02 | Create | Villager (Male) |
| 0:05 | Build | House |
| 0:07 | Build | House |
| 1:23 | Create | Villager (Male) |
| 1:59 | Create | Villager (Male) |
| 2:21 | Create | Villager (Male) |
| 2:35 | Build | House |
| 2:41 | Build | Lumber Camp |
| 2:49 | Create | Villager (Male) |
| 3:06 | Create | Villager (Male) |
| 3:06 | Create | Villager (Male) |
| 4:08 | Create | Villager (Male) |
| 4:08 | Create | Villager (Male) |
| 4:39 | Create | Villager (Male) |
| 5:05 | Build | House |
| 5:23 | Create | Villager (Male) |
| 5:24 | Create | Villager (Male) |
| 5:29 | Build | Mill |
| 5:43 | Create | Villager (Male) |
| 6:38 | Create | Villager (Male) |
| 6:38 | Create | Villager (Male) |
| 6:39 | Create | Villager (Male) |
| 7:21 | Build | Mill |
| 7:39 | Create | Villager (Male) |
| 8:03 | Build | Mining Camp |
| 8:21 | Research | Feudal Age |
| 9:10 | Create | Villager (Male) |
| 9:10 | Research | Loom |
| 10:31 | Age | Feudal Age |
| 10:35 | Build | Market |
| 10:40 | Build | Blacksmith |
| 11:08 | Build | Mining Camp |
| 11:24 | Research | Castle Age |
| 11:59 | Build | Farm |
| 12:00 | Build | Farm |
| 12:09 | Build | Farm |
| 12:40 | Create | Villager (Male) |
| 12:40 | Create | Villager (Male) |
| 12:55 | Build | House |
| 13:25 | Research | Double-Bit Axe |
| 13:45 | Build | Farm |
| 13:47 | Build | Farm |
| 13:48 | Build | Farm |
| 14:04 | Age | Castle Age |
| 14:08 | Build | Krepost |
| 14:43 | Build | Farm |
| 14:44 | Build | Farm |
| 14:47 | Create | Villager (Male) |
| 14:47 | Create | Villager (Male) |
| 14:58 | Build | Lumber Camp |
| 15:18 | Research | Fletching |
| 15:30 | Create | Villager (Male) |
| 15:47 | Create | Villager (Male) |
| 16:26 | Build | Farm |
| 16:26 | Build | Farm |
| 16:27 | Build | Farm |
| 16:28 | Build | Farm |
| 16:31 | Create | Villager (Male) |
| 16:31 | Create | Villager (Male) |
| 17:02 | Create | Villager (Male) |
| 17:07 | Build | Farm |
| 17:07 | Build | Farm |
| 17:08 | Build | Farm |
| 17:08 | Build | Farm |
| 17:08 | Build | Farm |
| 17:08 | Build | Farm |
| 17:09 | Build | Farm |
| 17:09 | Build | Farm |
| 17:18 | Research | Bodkin Arrow |
| 17:37 | Build | Krepost |
| 17:58 | Create | Villager (Male) |
| 17:58 | Create | Villager (Male) |
| 18:03 | Build | Farm |
| 18:04 | Build | Farm |
| 18:54 | Create | Villager (Male) |
| 18:54 | Create | Villager (Male) |
| 18:55 | Create | Villager (Male) |
Build order — Arjack
102 actions detected in the replay
| 0:00 | Create | Villager (Male) |
| 0:01 | Create | Villager (Male) |
| 0:02 | Build | House |
| 0:04 | Build | House |
| 0:27 | Create | Villager (Male) |
| 0:47 | Create | Villager (Male) |
| 1:26 | Create | Villager (Male) |
| 1:47 | Build | House |
| 2:01 | Create | Villager (Male) |
| 2:12 | Build | Lumber Camp |
| 2:23 | Create | Villager (Male) |
| 2:55 | Create | Villager (Male) |
| 3:15 | Create | Villager (Male) |
| 3:42 | Create | Villager (Male) |
| 3:53 | Build | House |
| 4:01 | Create | Villager (Male) |
| 4:32 | Create | Villager (Male) |
| 4:38 | Build | Mill |
| 4:59 | Create | Villager (Male) |
| 5:00 | Create | Villager (Male) |
| 5:34 | Create | Villager (Male) |
| 5:35 | Create | Villager (Male) |
| 6:23 | Build | Mill |
| 6:24 | Create | Villager (Male) |
| 6:38 | Create | Villager (Male) |
| 6:44 | Build | Mining Camp |
| 6:48 | Create | Villager (Male) |
| 7:01 | Create | Villager (Male) |
| 7:54 | Build | Mining Camp |
| 7:56 | Create | Villager (Male) |
| 8:34 | Research | Feudal Age |
| 9:45 | Build | Farm |
| 9:48 | Build | Farm |
| 9:52 | Build | Farm |
| 10:26 | Build | House |
| 10:44 | Age | Feudal Age |
| 10:48 | Create | Villager (Male) |
| 10:48 | Create | Villager (Male) |
| 11:03 | Build | Blacksmith |
| 11:19 | Create | Villager (Male) |
| 12:12 | Create | Villager (Male) |
| 12:14 | Create | Villager (Male) |
| 12:18 | Build | Market |
| 13:16 | Research | Castle Age |
| 14:05 | Research | Double-Bit Axe |
| 14:49 | Research | Horse Collar |
| 15:56 | Age | Castle Age |
| 16:00 | Build | Castle |
| 16:10 | Create | Villager (Male) |
| 16:10 | Create | Villager (Male) |
| 16:17 | Create | Villager (Male) |
| 16:48 | Research | Fletching |
| 17:48 | Build | Town Center |
| 17:59 | Build | Farm |
| 17:59 | Build | Farm |
| 17:59 | Build | Farm |
| 17:59 | Build | Farm |
| 18:12 | Build | Town Center |
| 18:34 | Create | Villager (Male) |
| 19:03 | Create | Villager (Male) |
| 19:07 | Build | Farm |
| 19:07 | Build | Farm |
| 19:12 | Create | Villager (Male) |
| 19:12 | Create | Villager (Male) |
| 19:14 | Build | Farm |
| 19:45 | Build | Monastery |
| 19:52 | Build | House |
| 19:56 | Build | House |
| 20:00 | Build | Stone Wall |
| 20:15 | Create | Monk |
| 20:15 | Create | Monk |
| 20:29 | Create | Villager (Male) |
| 20:29 | Create | Villager (Male) |
| 20:29 | Create | Villager (Male) |
| 20:37 | Create | Villager (Male) |
| 20:55 | Create | Villager (Male) |
| 21:01 | Build | Stone Wall |
| 21:25 | Create | Villager (Male) |
| 21:26 | Create | Villager (Male) |
| 21:38 | Build | Siege Workshop |
| 21:42 | Create | Villager (Male) |
| 21:45 | Create | Villager (Male) ×2 |
| 21:52 | Create | Monk |
| 21:55 | Create | Villager (Male) ×2 |
| 22:07 | Create | Villager (Male) |
| 22:11 | Create | Scorpion ×2 |
| 22:18 | Build | Gate |
| 22:25 | Build | Lumber Camp |
| 22:41 | Create | Villager (Male) |
| 22:42 | Research | Loom |
| 23:04 | Create | Villager (Male) |
| 23:16 | Create | Scorpion |
| 23:17 | Create | Scorpion |
| 23:22 | Build | Farm |
| 23:34 | Create | Scorpion |
| 23:41 | Create | Villager (Male) |
| 23:55 | Build | Mining Camp |
| 24:00 | Build | Farm |
| 24:04 | Create | Villager (Male) ×2 |
| 24:18 | Create | Scorpion |
| 24:24 | Create | Villager (Male) |
| 24:35 | Research | Gold Mining |
Build order — BuLuTBeY
115 actions detected in the replay
| 0:00 | Create | Villager (Male) |
| 0:01 | Build | House |
| 0:03 | Build | House |
| 0:04 | Create | Villager (Male) |
| 0:04 | Create | Villager (Male) |
| 0:04 | Create | Villager (Male) |
| 1:22 | Create | Villager (Male) |
| 2:02 | Create | Villager (Male) |
| 2:21 | Create | Villager (Male) |
| 2:41 | Create | Villager (Male) |
| 3:02 | Create | Villager (Male) |
| 3:07 | Build | House |
| 3:08 | Build | House |
| 3:09 | Build | House |
| 3:43 | Create | Villager (Male) |
| 3:43 | Create | Villager (Male) |
| 3:58 | Build | Lumber Camp |
| 4:27 | Create | Villager (Male) |
| 4:27 | Create | Villager (Male) |
| 5:09 | Create | Villager (Male) |
| 5:09 | Create | Villager (Male) |
| 5:33 | Create | Villager (Male) |
| 5:33 | Create | Villager (Male) |
| 5:47 | Build | Mill |
| 6:07 | Build | Mining Camp |
| 6:26 | Create | Villager (Male) |
| 6:53 | Create | Villager (Male) |
| 6:53 | Create | Villager (Male) |
| 8:19 | Research | Loom |
| 8:46 | Research | Feudal Age |
| 8:46 | Research | Feudal Age |
| 9:59 | Create | Villager (Male) |
| 10:00 | Create | Villager (Male) |
| 10:00 | Create | Villager (Male) |
| 10:00 | Create | Villager (Male) |
| 10:41 | Build | Farm |
| 10:56 | Age | Feudal Age |
| 10:58 | Build | Market |
| 11:02 | Build | Blacksmith |
| 11:16 | Build | Mining Camp |
| 11:37 | Build | Farm |
| 11:40 | Build | Farm |
| 12:21 | Build | House |
| 12:36 | Research | Castle Age |
| 12:36 | Research | Castle Age |
| 13:10 | Research | Double-Bit Axe |
| 13:55 | Build | Barracks |
| 14:01 | Create | Villager (Male) |
| 14:02 | Create | Villager (Male) |
| 14:32 | Create | Spearman |
| 14:58 | Build | Farm |
| 15:02 | Build | Farm |
| 15:16 | Age | Castle Age |
| 15:34 | Build | Castle |
| 16:14 | Build | House |
| 16:16 | Build | House |
| 16:18 | Build | House |
| 16:40 | Build | House |
| 16:43 | Build | House |
| 17:25 | Create | Conquistador |
| 17:26 | Create | Conquistador |
| 17:26 | Create | Conquistador |
| 17:28 | Create | Villager (Male) |
| 17:44 | Build | Farm |
| 17:44 | Build | Farm |
| 17:54 | Build | Farm |
| 18:03 | Create | Petard |
| 18:03 | Create | Petard |
| 18:03 | Create | Petard |
| 18:17 | Create | Conquistador |
| 18:17 | Create | Conquistador |
| 18:37 | Create | Villager (Male) |
| 18:50 | Build | Farm |
| 18:52 | Build | Farm |
| 19:15 | Create | Villager (Male) |
| 19:46 | Create | Conquistador |
| 20:40 | Create | Conquistador |
| 20:41 | Create | Conquistador |
| 20:41 | Create | Conquistador |
| 20:41 | Create | Conquistador |
| 20:48 | Create | Villager (Male) |
| 20:48 | Create | Villager (Male) |
| 20:50 | Create | Villager (Male) |
| 20:52 | Build | Farm |
| 20:53 | Build | Farm |
| 20:53 | Build | Farm |
| 20:53 | Build | Farm |
| 20:53 | Build | Farm |
| 20:54 | Build | Farm |
| 21:30 | Create | Conquistador |
| 21:49 | Create | Conquistador |
| 21:52 | Create | Villager (Male) |
| 21:57 | Build | Farm |
| 21:57 | Build | Farm |
| 21:57 | Build | Farm |
| 21:58 | Build | Farm |
| 21:58 | Build | Farm |
| 22:07 | Create | Villager (Male) |
| 23:10 | Create | Villager (Male) |
| 23:10 | Create | Villager (Male) |
| 23:11 | Create | Villager (Male) |
| 23:11 | Create | Villager (Male) |
| 23:11 | Create | Villager (Male) |
| 23:14 | Build | Farm |
| 23:15 | Build | Farm |
| 23:15 | Build | Farm |
| 23:15 | Build | Farm |
| 23:15 | Build | Farm |
| 23:27 | Build | Stable |
| 23:49 | Research | Bloodlines |
| 23:50 | Research | Husbandry |
| 23:50 | Research | Husbandry |
| 24:18 | Create | Villager (Male) |
| 24:18 | Create | Villager (Male) |
| 24:21 | Build | Farm |
Build order — hakanakyel1734
133 actions detected in the replay
| 0:01 | Create | Villager (Male) |
| 0:01 | Create | Villager (Male) |
| 0:01 | Create | Villager (Male) |
| 0:03 | Build | House |
| 0:05 | Build | House |
| 0:22 | Create | Villager (Male) |
| 0:22 | Create | Villager (Male) |
| 1:31 | Create | Villager (Male) |
| 1:31 | Create | Villager (Male) |
| 2:01 | Research | Loom |
| 2:19 | Create | Villager (Male) |
| 2:41 | Create | Villager (Male) |
| 3:00 | Create | Villager (Male) |
| 3:00 | Create | Villager (Male) |
| 4:04 | Create | Villager (Male) |
| 4:05 | Create | Villager (Male) |
| 4:05 | Create | Villager (Male) |
| 4:05 | Create | Villager (Male) |
| 4:11 | Build | House |
| 4:16 | Build | Lumber Camp |
| 5:18 | Create | Villager (Male) |
| 5:18 | Create | Villager (Male) |
| 5:34 | Create | Villager (Male) |
| 5:57 | Create | Villager (Male) |
| 5:57 | Create | Villager (Male) |
| 6:16 | Create | Villager (Male) |
| 6:22 | Build | Mill |
| 6:34 | Build | House |
| 7:20 | Build | Mill |
| 7:49 | Create | Villager (Male) |
| 8:18 | Create | Villager (Male) |
| 8:24 | Build | Mining Camp |
| 8:35 | Research | Feudal Age |
| 8:51 | Create | Villager (Male) |
| 9:35 | Build | House |
| 10:19 | Create | Villager (Male) |
| 10:56 | Age | Feudal Age |
| 11:37 | Build | Farm |
| 11:46 | Create | Villager (Male) |
| 11:52 | Build | Farm |
| 12:17 | Research | Castle Age |
| 12:25 | Create | Villager (Male) |
| 12:40 | Build | Lumber Camp |
| 12:59 | Build | Lumber Camp |
| 13:14 | Build | Farm |
| 13:15 | Build | Farm |
| 13:15 | Build | Farm |
| 13:31 | Research | Double-Bit Axe |
| 14:09 | Research | Horse Collar |
| 14:35 | Create | Villager (Male) |
| 14:57 | Age | Castle Age |
| 15:08 | Build | Town Center |
| 15:19 | Create | Villager (Male) |
| 15:28 | Build | Farm |
| 15:41 | Research | Bow Saw |
| 15:58 | Build | Farm |
| 16:00 | Create | Villager (Male) |
| 16:13 | Build | House |
| 16:15 | Build | House |
| 16:17 | Build | House |
| 16:31 | Build | Town Center |
| 16:47 | Research | Stone Mining |
| 16:50 | Create | Villager (Male) |
| 16:55 | Build | Farm |
| 16:55 | Build | Farm |
| 16:56 | Build | Farm |
| 17:11 | Build | Farm |
| 17:12 | Build | Farm |
| 17:19 | Create | Villager (Male) |
| 17:25 | Build | Farm |
| 17:32 | Create | Villager (Male) |
| 17:47 | Build | House |
| 17:49 | Build | House |
| 17:50 | Build | House |
| 17:52 | Build | House |
| 17:54 | Create | Villager (Male) |
| 17:54 | Create | Villager (Male) |
| 18:04 | Create | Villager (Male) |
| 18:24 | Create | Villager (Male) |
| 18:26 | Create | Villager (Male) |
| 18:36 | Build | Farm |
| 18:36 | Build | Farm |
| 18:39 | Create | Villager (Male) |
| 18:49 | Create | Villager (Male) |
| 18:49 | Create | Villager (Male) |
| 18:57 | Create | Villager (Male) |
| 19:06 | Build | Farm |
| 19:08 | Build | Farm |
| 19:17 | Build | Farm |
| 19:18 | Build | Farm |
| 19:19 | Build | Farm |
| 19:19 | Build | Farm |
| 19:20 | Build | Farm |
| 19:24 | Create | Villager (Male) |
| 19:24 | Create | Villager (Male) |
| 19:35 | Create | Villager (Male) |
| 19:37 | Create | Villager (Male) |
| 19:50 | Build | Town Center |
| 19:52 | Create | Villager (Male) |
| 19:53 | Create | Villager (Male) |
| 20:12 | Build | Farm |
| 20:16 | Build | Farm |
| 20:16 | Build | Farm |
| 20:17 | Build | Farm |
| 20:18 | Build | Farm |
| 20:21 | Create | Villager (Male) |
| 20:21 | Create | Villager (Male) |
| 20:24 | Build | Farm |
| 20:28 | Create | Villager (Male) |
| 20:29 | Create | Villager (Male) |
| 20:33 | Create | Villager (Male) |
| 20:35 | Create | Villager (Male) |
| 20:46 | Create | Villager (Male) |
| 20:47 | Create | Villager (Male) |
| 21:01 | Create | Villager (Male) |
| 21:01 | Create | Villager (Male) |
| 21:09 | Create | Villager (Male) |
| 21:10 | Create | Villager (Male) |
| 21:12 | Create | Villager (Male) |
| 21:28 | Research | Wheelbarrow |
| 21:29 | Create | Villager (Male) |
| 21:30 | Create | Villager (Male) |
| 21:35 | Build | Farm |
| 21:35 | Build | Farm |
| 21:36 | Build | Farm |
| 21:37 | Build | Farm |
| 21:38 | Build | Farm |
| 21:40 | Create | Villager (Male) |
| 21:41 | Create | Villager (Male) |
| 21:50 | Research | Gold Mining |
| 22:00 | Create | Villager (Male) |
| 22:00 | Create | Villager (Male) |
| 22:12 | Build | Farm |
Build order — istimnator
95 actions detected in the replay
| 0:00 | Create | Villager (Male) |
| 0:00 | Create | Villager (Male) |
| 0:01 | Create | Villager (Male) |
| 0:01 | Create | Villager (Male) |
| 0:03 | Build | House |
| 0:05 | Build | House |
| 1:23 | Create | Villager (Male) |
| 1:55 | Build | Lumber Camp |
| 2:04 | Create | Villager (Male) |
| 2:13 | Create | Villager (Male) |
| 2:44 | Create | Villager (Male) |
| 3:11 | Create | Villager (Male) |
| 3:42 | Build | House |
| 3:48 | Create | Villager (Male) |
| 3:49 | Create | Villager (Male) |
| 4:12 | Build | House |
| 4:29 | Create | Villager (Male) |
| 4:29 | Create | Villager (Male) |
| 4:49 | Create | Villager (Male) |
| 5:10 | Build | Mill |
| 5:41 | Create | Villager (Male) |
| 5:41 | Create | Villager (Male) |
| 6:07 | Create | Villager (Male) |
| 6:08 | Create | Villager (Male) |
| 6:32 | Create | Villager (Male) |
| 7:04 | Create | Villager (Male) |
| 7:04 | Create | Villager (Male) |
| 7:56 | Research | Feudal Age |
| 8:12 | Build | Mining Camp |
| 8:28 | Create | Villager (Male) |
| 8:28 | Create | Villager (Male) |
| 8:37 | Build | House |
| 10:34 | Age | Feudal Age |
| 10:35 | Build | Market |
| 10:43 | Build | Blacksmith |
| 11:33 | Research | Castle Age |
| 12:19 | Research | Double-Bit Axe |
| 13:12 | Research | Horse Collar |
| 13:44 | Create | Villager (Male) |
| 14:13 | Age | Castle Age |
| 14:19 | Build | Siege Workshop |
| 14:26 | Build | Monastery |
| 14:58 | Build | Farm |
| 14:58 | Build | Farm |
| 14:58 | Build | Farm |
| 14:59 | Build | Farm |
| 15:00 | Build | Farm |
| 15:07 | Build | Farm |
| 15:07 | Build | Farm |
| 15:08 | Build | Farm |
| 15:08 | Build | Farm |
| 15:33 | Build | Barracks |
| 15:41 | Research | Imperial Age |
| 15:54 | Build | Barracks |
| 16:18 | Build | House |
| 17:10 | Build | Barracks |
| 17:13 | Research | Scale Mail Armor |
| 17:14 | Research | Forging |
| 18:04 | Create | Unit 1105 |
| 18:30 | Build | Lumber Camp |
| 18:40 | Create | Villager (Male) |
| 18:40 | Create | Villager (Male) |
| 18:44 | Research | Chain Mail Armor |
| 18:51 | Age | Imperial Age |
| 18:53 | Create | Unit 882 ×5 |
| 19:00 | Research | Iron Casting |
| 19:10 | Create | Unit 882 ×5 |
| 19:24 | Create | Unit 882 ×4 |
| 19:30 | Build | House |
| 19:31 | Build | House |
| 19:31 | Build | House |
| 19:31 | Build | House |
| 19:32 | Build | House |
| 19:33 | Build | House |
| 19:46 | Create | Unit 882 |
| 20:01 | Create | Unit 882 ×5 |
| 20:25 | Create | Unit 882 ×3 |
| 20:53 | Build | House |
| 20:53 | Build | House |
| 20:53 | Build | House |
| 20:54 | Build | House |
| 20:55 | Build | House |
| 21:06 | Create | Unit 882 ×5 |
| 21:55 | Create | Unit 882 ×3 |
| 22:20 | Research | Blast Furnace |
| 22:53 | Build | House |
| 22:53 | Build | House |
| 22:53 | Build | House |
| 22:54 | Build | House |
| 22:54 | Build | House |
| 23:33 | Create | Unit 882 ×5 |
| 23:33 | Create | Unit 882 ×5 |
| 24:12 | Create | Battering Ram |
| 24:19 | Create | Unit 882 ×5 |
| 24:19 | Create | Unit 882 ×2 |
Match timeline
| 9:04 | タタールが村に入った5番 · first_building Barracks |
| 10:09 | neverlandedonthemoon · age_up feudal |
| 10:31 | maniak · age_up feudal |
| 10:34 | istimnator · age_up feudal |
| 10:44 | Arjack · age_up feudal |
| 10:56 | BuLuTBeY · age_up feudal |
| 10:56 | hakanakyel1734 · age_up feudal |
| 11:04 | タタールが村に入った5番 · age_up feudal |
| 11:07 | Chompitter Jones · age_up feudal |
| 11:07 | タタールが村に入った5番 · first_building Stable |
| 13:55 | BuLuTBeY · first_building Barracks |
| 14:04 | maniak · age_up castle |
| 14:08 | maniak · first_building Krepost |
| 14:13 | istimnator · age_up castle |
| 14:18 | neverlandedonthemoon · tribute_sent a jugador 1 |
| 14:18 | neverlandedonthemoon · tribute_sent a jugador 2 |
| 14:18 | neverlandedonthemoon · tribute_sent a jugador 3 |
| 14:18 | neverlandedonthemoon · tribute_sent a jugador 5 |
| 14:18 | neverlandedonthemoon · tribute_sent a jugador 6 |
| 14:18 | neverlandedonthemoon · tribute_sent a jugador 7 |
| 14:18 | neverlandedonthemoon · tribute_sent a jugador 8 |
| 14:19 | istimnator · first_building Siege Workshop |
| 14:26 | istimnator · first_building Monastery |
| 14:57 | hakanakyel1734 · age_up castle |
| 15:01 | Chompitter Jones · age_up castle |
| 15:16 | BuLuTBeY · age_up castle |
| 15:28 | neverlandedonthemoon · tribute_sent a jugador 1 |
| 15:28 | neverlandedonthemoon · tribute_sent a jugador 2 |
| 15:28 | neverlandedonthemoon · tribute_sent a jugador 3 |
| 15:28 | neverlandedonthemoon · tribute_sent a jugador 5 |
| 15:28 | neverlandedonthemoon · tribute_sent a jugador 6 |
| 15:28 | neverlandedonthemoon · tribute_sent a jugador 7 |
| 15:28 | neverlandedonthemoon · tribute_sent a jugador 8 |
| 15:31 | タタールが村に入った5番 · age_up castle |
| 15:33 | istimnator · first_building Barracks |
| 15:34 | BuLuTBeY · first_building Castle |
| 15:36 | Arjack · first_market_buy 100 stone |
| 15:39 | istimnator · first_market_sell 100 stone |
| 15:56 | Arjack · age_up castle |
| 16:00 | Arjack · first_building Castle |
| 17:06 | neverlandedonthemoon · tribute_sent a jugador 1 |
| 17:06 | neverlandedonthemoon · tribute_sent a jugador 2 |
| 17:06 | neverlandedonthemoon · tribute_sent a jugador 3 |
| 17:06 | neverlandedonthemoon · tribute_sent a jugador 5 |
| 17:06 | neverlandedonthemoon · tribute_sent a jugador 6 |
| 17:06 | neverlandedonthemoon · tribute_sent a jugador 7 |
| 17:06 | neverlandedonthemoon · tribute_sent a jugador 8 |
| 17:45 | istimnator · tribute_sent a jugador 1 |
| 17:45 | istimnator · tribute_sent a jugador 2 |
| 17:45 | istimnator · tribute_sent a jugador 3 |
| 17:45 | istimnator · tribute_sent a jugador 4 |
| 17:45 | istimnator · tribute_sent a jugador 5 |
| 17:45 | istimnator · tribute_sent a jugador 6 |
| 17:45 | istimnator · tribute_sent a jugador 7 |
| 17:50 | neverlandedonthemoon · wall_segment Stone Wall x1 |
| 17:52 | neverlandedonthemoon · wall_segment Stone Wall x1 |
| 17:57 | BuLuTBeY · first_market_buy 100 food |
| 18:02 | neverlandedonthemoon · wall_segment Stone Wall x1 |
| 18:03 | neverlandedonthemoon · wall_segment Stone Wall x1 |
| 18:05 | neverlandedonthemoon · wall_segment Stone Wall x1 |
| 18:12 | タタールが村に入った5番 · resign |
| 18:50 | neverlandedonthemoon · tribute_sent a jugador 1 |
| 18:50 | neverlandedonthemoon · tribute_sent a jugador 2 |
| 18:50 | neverlandedonthemoon · tribute_sent a jugador 3 |
| 18:50 | neverlandedonthemoon · tribute_sent a jugador 5 |
| 18:50 | neverlandedonthemoon · tribute_sent a jugador 6 |
| 18:50 | neverlandedonthemoon · tribute_sent a jugador 7 |
| 18:50 | neverlandedonthemoon · tribute_sent a jugador 8 |
| 18:51 | istimnator · age_up imperial |
| 18:56 | BuLuTBeY · first_market_sell 100 stone |
| 19:07 | neverlandedonthemoon · wall_segment Stone Wall x1 |
| 19:27 | neverlandedonthemoon · wall_segment Stone Wall x1 |
| 19:35 | neverlandedonthemoon · wall_segment Stone Wall x1 |
| 19:36 | neverlandedonthemoon · wall_segment Stone Wall x1 |
| 19:38 | Chompitter Jones · first_market_sell 100 food |
| 19:39 | Chompitter Jones · first_market_buy 100 stone |
| 19:45 | Arjack · first_building Monastery |
| 20:00 | neverlandedonthemoon · tribute_sent a jugador 1 |
| 20:00 | neverlandedonthemoon · tribute_sent a jugador 2 |
| 20:00 | neverlandedonthemoon · tribute_sent a jugador 3 |
| 20:00 | neverlandedonthemoon · tribute_sent a jugador 5 |
| 20:00 | neverlandedonthemoon · tribute_sent a jugador 6 |
| 20:00 | neverlandedonthemoon · tribute_sent a jugador 7 |
| 20:00 | neverlandedonthemoon · tribute_sent a jugador 8 |
| 20:00 | Arjack · wall_segment Stone Wall x1 |
| 20:15 | Chompitter Jones · first_building Barracks |
| 20:29 | neverlandedonthemoon · wall_segment Stone Wall x1 |
| 20:31 | neverlandedonthemoon · wall_segment Stone Wall x1 |
| 20:32 | neverlandedonthemoon · wall_segment Stone Wall x1 |
| 20:35 | neverlandedonthemoon · wall_segment Stone Wall x1 |
| 20:36 | neverlandedonthemoon · wall_segment Stone Wall x1 |
| 21:01 | Arjack · wall_segment Stone Wall x1 |
| 21:16 | Chompitter Jones · first_building Stable |
| 21:38 | Arjack · first_building Siege Workshop |
| 21:57 | neverlandedonthemoon · tribute_sent a jugador 1 |
| 21:57 | neverlandedonthemoon · tribute_sent a jugador 2 |
| 21:57 | neverlandedonthemoon · tribute_sent a jugador 3 |
| 21:57 | neverlandedonthemoon · tribute_sent a jugador 5 |
| 21:57 | neverlandedonthemoon · tribute_sent a jugador 6 |
| 21:57 | neverlandedonthemoon · tribute_sent a jugador 7 |
| 21:57 | neverlandedonthemoon · tribute_sent a jugador 8 |
| 23:04 | neverlandedonthemoon · tribute_sent a jugador 1 |
| 23:04 | neverlandedonthemoon · tribute_sent a jugador 2 |
| 23:04 | neverlandedonthemoon · tribute_sent a jugador 3 |
| 23:04 | neverlandedonthemoon · tribute_sent a jugador 5 |
| 23:04 | neverlandedonthemoon · tribute_sent a jugador 6 |
| 23:04 | neverlandedonthemoon · tribute_sent a jugador 7 |
| 23:04 | neverlandedonthemoon · tribute_sent a jugador 8 |
| 23:27 | BuLuTBeY · first_building Stable |
| 24:36 | neverlandedonthemoon · first_market_sell 100 food |
[ AI ANALYSIS · 1 CREDIT ]
What really happened in this match?
Wolo.gg analyzes every decision: build order, eco, micro, common mistakes by bracket. Personalized analysis on WhatsApp or Discord in 30 seconds.
Civ guide
Italians
Perfil
Jugador #14286961